 Dungeon Crawl Stone Soup version 0.25-a0-665-ga69d64035b (webtiles) character file.

Game seed: 15198294943508182118, levelgen mode: deterministic

847 kae the Destroyer (level 8, -4/41 HPs)
             Began as a Tengu Air Elementalist on Mar 26, 2020.
             Shot with an arrow by a centaur (7 damage)
             ... on level 5 of the Dungeon.
             The game lasted 00:05:56 (6380 turns).

kae the Destroyer (Tengu Air Elementalist)          Turns: 6380, Time: 00:05:57

Health: -4/41      AC:  2    Str:  8    XL:     8   Next: 0%
Magic:  11/15      EV: 15    Int: 19    God:
Gold:   162        SH:  0    Dex: 14    Spells: 5/15 levels left

rFire    . . .     SeeInvis .   t - +1 glaive (protect)
rCold    + . .     Gourm    .   (shield currently unavailable)
rNeg     . . .     Faith    .   u - +0 robe {MR+}
rPois    .         Spirit   .   (helmet restricted)
rElec    .         Reflect  .   (no cloak)
rCorr    .         Harm     .   (no gloves)
MR       +....                  (boots unavailable)
Stlth    ++........             (no amulet)
HPRegen  0.13/turn              b - ring of protection from cold
MPRegen  0.14/turn              p - +2 ring of slaying

@: flying quickly and evasively, quick
A: beak, talons 3, able to fly
a: Stop Flying


You were on level 5 of the Dungeon.
You were very hungry.

You visited 1 branch of the dungeon, and saw 5 of its levels.

You collected 162 gold pieces.

Inventory:

Hand Weapons
 t - a +1 glaive of protection (weapon)
Armour
 u - a +0 robe of magic resistance (worn)
Jewellery
 b - a ring of protection from cold (left hand)
 f - an uncursed ring of fire
 p - a +2 ring of slaying (right hand)
 r - an uncursed amulet of faith
Wands
 a - a wand of paralysis (8)
Scrolls
 i - a scroll of fear
 k - a scroll of identify
 l - a scroll of teleportation
 n - 2 scrolls of remove curse
 o - a scroll of amnesia
Potions
 d - 2 potions of stabbing
 g - 2 potions of curing
 h - a potion of mutation
 j - 2 potions of heal wounds
 m - a potion of brilliance
 q - 2 potions of cancellation
 s - 2 potions of lignification
Comestibles
 c - 8 rations


   Skills:
 - Level 2.1 Dodging
 - Level 2.0 Stealth
 + Level 4.3 Spellcasting
 * Level 8.1 Conjurations
 + Level 6.9 Air Magic


You had 5 spell levels left.
You knew the following spells:

 Your Spells              Type           Power        Failure   Level  Hunger
a - Shock                 Conj/Air       ####         1%          1    None
b - Static Discharge      Conj/Air       ####....     1%          3    ###....
c - Airstrike             Air            ####......   8%          4    ####...
d - Swiftness             Chrm/Air       ###.....     4%          2    #......

Your spell library contained the following spells:

 Spells                   Type           Power        Failure   Level  Hunger
 Lightning Bolt           Conj/Air       ####......   17%         5    ######.


Dungeon Overview and Level Annotations

Branches:
Dungeon (5/15)
 Temple: D:4-7

Altars:
Ashenzari
Elyvilon
Gozag
Trog
Yredelemnul
Zin
The Shining One

Annotations:
D:5 exclusion: centaur


Innate Abilities, Weirdness & Mutations

You have a beak for a mouth.
You have claws for feet.
You can fly continuously.


Message History

The centaur shoots an arrow.
The arrow hits you!
Casting: Shock (safe; 1% risk of failure)
Confirm with . or Enter, or press ? or * to list all spells.
Aiming: Shock (safe; 1% risk of failure)
Press: ? - help, Shift-Dir - straight line, f/p - centaur
Aim: a centaur, wielding a +0 shortbow and quivering 20 arrows (heavily wounded)
The zap hits the centaur!
The centaur is almost dead.
The centaur shoots an arrow.
The arrow hits you!
The centaur shoots an arrow.
The arrow hits you!
* * * LOW HITPOINT WARNING * * *
Casting: Shock (safe; 1% risk of failure)
Confirm with . or Enter, or press ? or * to list all spells.
Aiming: Shock (safe; 1% risk of failure)
Press: ? - help, Shift-Dir - straight line, f/p - centaur
Aim: a centaur, wielding a +0 shortbow and quivering 18 arrows (almost dead)
The zap hits the centaur.
The centaur is almost dead.
The centaur shoots an arrow.
The arrow hits you!
You die...

#..# #......# ##.###......#
##### #...<......# #....
#####.......## #.... #
#...#........## #....##
#...............#....#.
#.......#####.#.#....#.
#...#.#................
#####.@#####........... ##..#
...........
##................
#.....!....##....
##......c...##..##
#.................
#...........##.###
############.......... #.###
#..........#..%........##.##.


You could see a centaur.

Vanquished Creatures
  A sky beast (D:5)
  An ice beast (D:5)
  An ogre (D:5)
  Blork the orc (D:5)
  A scorpion (D:4)
  A centaur skeleton (D:5)
  An orc priest (D:2)
  An iguana (D:4)
  3 worker ants
  A hound zombie (D:5)
  2 worker ant zombies (D:5)
  12 adders
  4 gnolls
  A shadow imp (D:5)
  2 worms
  3 dart slugs
  3 leopard geckos
  12 orcs
  7 hobgoblins
  2 jackals (D:2)
  2 quokkas (D:2)
  A ball python (D:4)
  17 bats
  4 frilled lizards
  7 goblins
  11 kobolds
  3 rats
105 creatures vanquished.

Notes
Turn   | Place    | Note
-------+----------+-------------------------------------------
     0 | D:1      | kae the Tengu Air Elementalist began the quest for the Orb.
     0 | D:1      | Reached XP level 1. HP: 10/10 MP: 4/4
   126 | D:1      | Reached skill level 2 in Conjurations
   133 | D:1      | Reached XP level 2. HP: 15/15 MP: 0/6
   607 | D:1      | Reached XP level 3. HP: 19/19 MP: 5/7
   672 | D:1      | Reached skill level 3 in Conjurations
  1207 | D:2      | Reached XP level 4. HP: 24/24 MP: 1/8
  1421 | D:2      | Reached skill level 4 in Conjurations
  1759 | D:2      | Found a bloodstained altar of Trog.
  1832 | D:2      | Reached skill level 5 in Air Magic
  1832 | D:2      | Gained mutation: You can fly continuously. [Tengu growth]
  1832 | D:2      | Reached XP level 5. HP: 28/28 MP: 2/10
  2116 | D:2      | Found a glowing golden altar of the Shining One.
  2116 | D:2      | Found a white marble altar of Elyvilon.
  2116 | D:2      | Found a glowing silver altar of Zin.
  2322 | D:3      | Reached skill level 5 in Conjurations
  3067 | D:3      | Found a shattered altar of Ashenzari.
  3618 | D:4      | Noticed a centaur
  3620 | D:4      | Noticed a centaur
  3819 | D:3      | Learned a level 3 spell: Static Discharge
  3824 | D:3      | Learned a level 4 spell: Airstrike
  3827 | D:3      | Learned a level 2 spell: Swiftness
  3873 | D:4      | Reached XP level 6. HP: 32/32 MP: 7/11
  4291 | D:4      | Reached skill level 6 in Conjurations
  4732 | D:5      | Entered Level 5 of the Dungeon
  4830 | D:5      | Found an opulent altar of Gozag.
  5216 | D:5      | Found a basalt altar of Yredelemnul.
  5254 | D:5      | Noticed a sky beast
  5277 | D:5      | Killed a sky beast
  5277 | D:5      | Reached skill level 7 in Conjurations
  5277 | D:5      | Reached XP level 7. HP: 19/36 MP: 2/13
  5409 | D:5      | Noticed Blork the orc
  5927 | D:5      | Killed Blork the orc
  6106 | D:5      | Reached skill level 8 in Conjurations
  6106 | D:5      | Reached XP level 8. HP: 41/41 MP: 6/15
  6380 | D:5      | Shot with an arrow by a centaur

Levels and vault maps discovered:
D:1:      giann_horns, layout_loops_ring, moated_statue,
          minmay_misc_feat_nine_boxes
D:2:      layout_basic, good_gods_mini_temple, lemuel_coloured_pillars_altar
D:3:      layout_basic, evilmike_ruin_ashenzari
D:4:      layout_cave_pods, gammafunk_temple_overflow_wave, grunt_ministairs_2,
          minmay_manual_mares
D:5:      layout_rooms, first_ration, basic_altar, yredelemnul_altar_generic,
          uniq_blork_the_orc

Skill      XL: |  1  2  3  4  5  6  7 |
---------------+----------------------+-----
Conjurations   | 2 3 4 5 7 8 |  8.1
Air Magic      | 5 6 |  6.9
Spellcasting   | 3 4 |  4.3
Dodging        | |  2.1
Stealth        | |  2.0

Action                   |  1- 3 |  4- 6 |  7- 9 || total
-------------------------+-------+-------+-------++-------
Melee: Unarmed           |    23 |       |       ||    23
       Peck              |     3 |     2 |       ||     5
       Kick              |     5 |     2 |       ||     7
       Dagger            |    19 |    25 |       ||    44
       Glaive            |       |       |     2 ||     2
 Cast: Shock             |    70 |   183 |    55 ||   308
       Static Discharge  |       |     4 |     4 ||     8
       Airstrike         |       |     2 |       ||     2
 Abil: Fly               |       |     1 |       ||     1
  Use: Potion            |     2 |     1 |       ||     3
       Scroll            |     2 |     9 |     2 ||    13
 Stab: Sleeping          |       |     3 |       ||     3
  Eat: Chunk             |     2 |    12 |       ||    14
       Ration            |       |       |     1 ||     1
Armor: Robe              |    12 |    12 |     3 ||    27
       Skin              |     8 |       |       ||     8
Dodge: Dodged            |    32 |    57 |    15 ||   104

Table legend:
 A = Non-vault XP
 B = Vault XP
 C = Vault XP percentage of total XP
 D = Non-vault monster count
 E = Vault monster count
 F = Vault count percentage of total count
                 A         B        C        D         E       F
            +---------+---------+-------+---------+---------+-------
      Total |    1043 |     167 |  13.8 |     102 |       3 |   2.9
            +---------+---------+-------+---------+---------+-------
        D:1 |      48 |       0 |   0.0 |      29 |       0 |   0.0
        D:2 |     175 |       0 |   0.0 |      30 |       0 |   0.0
        D:3 |      88 |       0 |   0.0 |      19 |       0 |   0.0
        D:4 |     130 |      73 |  36.0 |      10 |       2 |  16.7
        D:5 |     602 |      94 |  13.5 |      14 |       1 |   6.7
            +---------+---------+-------+---------+---------+-------
